 Dungeon Crawl Stone Soup version 0.23.2-40-g277498a001 (webtiles) character file.

Game seed: 13711503348596631001

17 Descartes the Vexing (level 2, 0/11 HPs)
             Began as a Felid Enchanter on Sept 7, 2019.
             Slain by a bat (1 damage)
             ... on level 1 of the Dungeon.
             The game lasted 00:04:01 (1014 turns).

Descartes the Vexing (Felid Enchanter)              Turns: 1014, Time: 00:04:01

Health: 0/11       AC:  1    Str:  4    XL:     2   Next: 44%
Magic:  5/6        EV: 16    Int: 16    God:
Gold:   0          SH:  0    Dex: 16    Spells: 2/5 levels left
                                        Lives:  0   Deaths: 0

rFire    x . .     SeeInvis +   (weapon unavailable)
rCold    + . .     Gourm    .   (shield unavailable)
rNeg     . . .     Faith    .   (armour unavailable)
rPois    .         Spirit   .   (helmet unavailable)
rElec    .         Reflect  .   (cloak unavailable)
rCorr    .         Harm     .   (gloves unavailable)
MR       .....                  (boots unavailable)
Stlth    +++.......             (no amulet)
HPRegen  0.03/turn              g - ring of ice
MPRegen  0.10/turn              (no ring)

@: very slightly contaminated, heavily drained, quick
A: very small, no armour, no weapons or thrown items, stealth, claws 1, fangs 3,
see invisible, carnivore, speed 1, shaggy fur 1, slow metabolism 1, sharp paws
a: no special abilities


You were on level 1 of the Dungeon.
You were very full.

You visited 1 branch of the dungeon, and saw 1 of its levels.

Inventory:

Missiles
 d - 20 stones
Jewellery
 g - a ring of ice (left paw)
Scrolls
 c - a scroll of magic mapping {unknown}
Potions
 e - a potion of curing {unknown}
Comestibles
 b - a ration
 f - 3 chunks of flesh


   Skills:
 + Level 0.2(0.0) Fighting
 * Level 2.9(1.3) Dodging
 * Level 4.4(2.7) Stealth
 * Level 1.5(0.0) Unarmed Combat
 * Level 2.1(0.5) Spellcasting
 + Level 4.5(2.8) Hexes
 + Level 0.0 Ice Magic


You had 2 spell levels left.
You knew the following spells:

 Your Spells              Type           Power        Failure   Level  Hunger
a - Ensorcelled Hibernat  Hex/Ice        #.....       21%         2    ###....
b - Corona                Hex            #......      8%          1    ##.....

Your spell library contained the following spells:

 Spells                   Type           Power        Failure   Level  Hunger
 Confuse                  Hex            #.......     22%         3    ####...
 Tukima's Dance           Hex            #.......     22%         3    ####...
 Dazzling Spray           Conj/Hex       #.....       38%         3    ####...


Dungeon Overview and Level Annotations

Branches:
Dungeon (1/15)

Altars:


Innate Abilities, Weirdness & Mutations

You cannot wear armour.
You are incapable of wielding weapons or throwing items.
Your paws allow you to move quietly. (Stealth)
You have sharp claws.
You have razor-sharp teeth.
You have supernaturally acute eyesight. (SInv)
You are carnivorous and can eat meat at any time.
You cover ground quickly.
You are covered in fur. (AC +1)
You have a slow metabolism.
Your sharp claws are effective at attacking unaware monsters.


Message History

You are very lightly contaminated with residual magic.
Strange energies run through your body.
You scratch the bat but do no damage. You bite the bat.
The bat is severely wounded.
The bat misses you.
You scratch the bat but do no damage. You bite the bat, but do no damage.
The bat is severely wounded.
The bat hits you. The bat closely misses you.
You closely miss the bat.
The bat is severely wounded.
The bat hits you but does no damage.
You scratch the hobgoblin but do no damage.
The hobgoblin hits you with a +0 club.
Ouch! That really hurt!
You are too injured to fight recklessly!
You closely miss the hobgoblin. The hobgoblin hits you with a +0 club.
* * * LOW HITPOINT WARNING * * *
You closely miss the hobgoblin. The hobgoblin misses you. The bat hits you.
You die...

#####
#......................
.......
#.#.##.######.#########
.......##.#.##.# #.#
........#.#.##.# #.##
...............# #..#
.......####....# ##.#
....... #....# #.# ##
##....####....# #.# #.
... #.#.####@#
#.#######. .. ##.#.#
#b# #.#.#...#. . #.#.##
#.# #.#...#.#.
##.#.###g## #.#####.##
####.....# #.##....#.
#....)# #.#..##.#.
.####.....# #.####..#.
...........# #..#...###
.....####..# #..#.#....


You could see a hobgoblin and a bat.

Vanquished Creatures
  3 bats (D:1)
  5 goblins (D:1)
  2 hobgoblins (D:1)
  A frilled lizard (D:1)
  2 kobolds (D:1)
  2 rats (D:1)
15 creatures vanquished.

Notes
Turn   | Place    | Note
-------+----------+-------------------------------------------
     0 | D:1      | Descartes the Felid Enchanter began the quest for the Orb.
     0 | D:1      | Reached XP level 1. HP: 7/7 MP: 4/4
   393 | D:1      | Reached XP level 2. HP: 11/11 MP: 4/6
   402 | D:1      | Learned a level 2 spell: Ensorcelled Hibernation
  1014 | D:1      | Slain by a bat

Action                   || total
-------------------------++-------
Melee: Unarmed           ||    48
       Bite              ||     4
 Cast: Corona            ||     1
 Stab: Sleeping          ||     4
  Eat: Chunk             ||     7
Armor: Skin              ||     7
Dodge: Dodged            ||    44
